 Dungeon Crawl Stone Soup version 0.20.1 (webtiles) character file.

4501 vishdafish the Blocker (level 10, -11/80 HPs)
             Began as a Formicid Fighter on July 2, 2017.
             Was a Priest of Cheibriados.
             Mangled by a two-headed ogre
             ... wielding a +0 giant club
              (33 damage)
             ... on level 8 of the Dungeon.
             The game lasted 00:11:48 (7190 turns).

vishdafish the Blocker (Formicid Fighter)           Turns: 7190, Time: 00:11:49

Health: -11/80     AC:  9    Str: 37    XL:     10   Next: 65%
Magic:  0/13       EV: 10    Int: 16    God:    Cheibriados [***...]
Gold:   531        SH: 14    Dex: 22    Spells: 9/9 levels left

rFire    . . .     SeeInvis +   a - +0 war axe
rCold    . . .     Gourm    .   c - +0 shield
rNeg     . . .     Faith    .   b - +0 scale mail
rPois    .         Spirit   +   (helmet unavailable)
rElec    .         Reflect  .   h - scarf {repulsion}
rCorr    .         Harm     .   (no gloves)
MR       +....                  l - +0 pair of boots
Stlth    ..........             L - amulet of guardian spirit
Regen    0.3/turn               m - +3 ring of dexterity
MPRegen  0.2/turn               D - +6 ring of strength

@: repel missiles, very slow
A: permanent stasis, dig shafts and tunnels, four strong arms, antennae 3
a: Dig, Shaft Self, Bend Time, Temporal Distortion, Renounce Religion


You were on level 8 of the Dungeon.
You worshipped Cheibriados.
Cheibriados was most pleased with you.
You were hungry.

You visited 1 branch of the dungeon, and saw 8 of its levels.

You collected 531 gold pieces.

Inventory:

Hand Weapons
 a - a +0 war axe (weapon)
Armour
 b - a +0 scale mail (worn)
 c - a +0 shield (worn)
 h - a scarf of repulsion (worn)
 l - a +0 pair of boots (worn)
 u - a scarf of cloud immunity
 w - a +0 cloak of magic resistance
Jewellery
 m - a +3 ring of dexterity (left hand)
 C - an uncursed ring of wizardry
 D - a +6 ring of strength (right hand)
 H - a cursed -6 ring of protection {unknown}
 L - an amulet of guardian spirit (around neck)
Wands
 j - a wand of flame (10/48)
 A - a wand of disintegration (13/24)
 G - a wand of disintegration (11/24)
Scrolls
 i - 3 scrolls of magic mapping {unknown}
 n - 7 scrolls of identify {unknown}
 o - 5 scrolls of teleportation {unknown}
 p - 2 scrolls of enchant armour {unknown}
 r - a scroll of fog {unknown}
 s - 3 scrolls of remove curse {unknown}
 v - a scroll of blinking {unknown}
 x - a scroll of enchant weapon {unknown}
 y - a scroll of immolation {unknown}
 B - a scroll of recharging {unknown}
Potions
 d - a potion of might
 e - 3 potions of heal wounds
 g - 4 potions of curing {unknown}
 q - 2 potions of brilliance {unknown}
 z - a potion of haste {unknown}
 E - a potion of lignification {unknown}
 I - a potion of degeneration {unknown}
 K - 2 potions of mutation {unknown}
Books
 F - a book of Conjurations

   Spells                             Type                      Level
   a - Magic Dart                     Conjuration                  1
   b - Searing Ray                    Conjuration                  2
   c - Dazzling Spray                 Conjuration/Hexes            3
   d - Fulminant Prism                Conjuration/Hexes            4
   e - Force Lance                    Conjuration/Translocation    4
   f - Iskenderun's Mystic Blast      Conjuration                  4
Comestibles
 f - 2 royal jellies
 k - 3 meat rations
 t - 2 bread rations
 J - 2 fruits


   Skills:
 + Level 8.0 Fighting
 * Level 7.5 Axes
 + Level 7.8 Armour
 - Level 0.3 Dodging
 - Level 10.1 Shields
 * Level 5.2 Invocations


You had 9 spell levels left.
You didn't know any spells.

Dungeon Overview and Level Annotations

Branches:
Dungeon (8/15)             Temple (0/1) D:5
   Lair: D:8-11

Altars:
Cheibriados
Fedhas
Makhleb
Qazlal
Ru
Trog
Uskayaw
Vehumet
Yredelemnul
Zin
The Shining One

Shops:
D:5 *


Innate Abilities, Weirdness & Mutations

You cannot be hasted, slowed, berserked, paralysed or teleported.
You can dig through walls and to a lower floor.
Your four strong arms can wield two-handed weapons with a shield.
You have a pair of large antennae on your head. (SInv)


Message History

You block the two-headed ogre's attack.
The two-headed ogre hits you with a giant club!
* * * LOW HITPOINT WARNING * * *
It was a potion of heal wounds.
You feel much better.
You hit the two-headed ogre.
The two-headed ogre is moderately wounded.
You block the two-headed ogre's attack. The two-headed ogre closely misses you.
You hit the two-headed ogre but do no damage.
The two-headed ogre is moderately wounded.
The two-headed ogre hits you with a giant club!
* * * LOW HITPOINT WARNING * * *
The two-headed ogre hits you but does no damage.
You slash the two-headed ogre!
The two-headed ogre is heavily wounded.
The two-headed ogre hits you with a giant club!
* * * LOW HITPOINT WARNING * * *
The two-headed ogre hits you but does no damage.
You feel much better.
The two-headed ogre hits you with a giant club!!
You die...

..#.......# ..#.......#
/.....# ..#.......#
.....# ..#.......#
.....# ###.......#
.....###.
.......#'#######........
.......+....'..#........
.......#....#..+O.......
.......###+###'#@)......
.................#+####.
..(..............#
..(..............#
###†.............#
..'.)............#
..#..............#
.##..............#
.####+####+####...


You could see a two-headed ogre.

Vanquished Creatures
  A two-headed ogre (D:8)
  The ghost of unsmell the Slasher, a novice DsGl of Kikubaaqudgha (D:6)
  A troll (D:8)
  Grinder (D:6)
  A hippogriff (D:8)
  A wyvern (D:8)
  Sigmund (D:2)
  An ice beast (D:7)
  2 sky beasts (D:6)
  2 black bears
  3 ogres
  A phantom (D:6)
  A centaur (D:7)
  A bullfrog (D:8)
  3 scorpions
  5 wights (D:7)
  A howler monkey (D:6)
  2 crimson imps (D:6)
  3 orc priests
  2 centaur skeletons
  6 hounds
  4 orc wizards
  Crazy Yiuf (D:4)
  2 iguanas
  Ijyb (D:5)
  Natasha (thrice) (D:2)
  6 worker ants
  2 hound skeletons
  A worker ant zombie (D:6)
  Robin (D:2)
  3 gnolls (D:6)
  6 adders
  3 shadow imps
  An ooze (D:4)
  An adder zombie (D:6)
  4 worms
  5 leopard geckos
  15 orcs
  7 bats
  10 giant cockroaches
  14 goblins
  7 hobgoblins
  12 jackals
  A quokka (D:2)
  3 ball pythons
  8 frilled lizards
  9 kobolds
  A leopard gecko zombie (D:6)
  A quokka zombie (D:4)
  8 rats
180 creatures vanquished.

Vanquished Creatures (others)
  A kobold (D:2)
1 creature vanquished.

Grand Total: 181 creatures vanquished

Notes
Turn   | Place    | Note
-------+----------+-------------------------------------------
     0 | D:1      | vishdafish the Formicid Fighter began the quest for the Orb.
     0 | D:1      | Reached XP level 1. HP: 18/18 MP: 1/1
    71 | D:1      | Reached XP level 2. HP: 22/24 MP: 2/2
   130 | D:1      | You fall through a shaft!
   247 | D:2      | Found a radiant altar of Vehumet.
   282 | D:2      | Noticed Robin
   291 | D:2      | Reached XP level 3. HP: 26/29 MP: 3/3
   292 | D:2      | Reached skill level 4 in Shields
   309 | D:2      | Killed Robin
   771 | D:1      | Reached XP level 4. HP: 37/37 MP: 4/4
   908 | D:2      | Noticed Natasha
   926 | D:2      | Killed Natasha
  1210 | D:2      | Reached XP level 5. HP: 42/42 MP: 5/5
  1225 | D:2      | Noticed Sigmund
  1234 | D:2      | Killed Sigmund
  1234 | D:2      | Reached skill level 5 in Shields
  1234 | D:2      | Reached XP level 6. HP: 17/49 MP: 6/6
  1447 | D:2      | Found a glowing golden altar of the Shining One.
  1635 | D:2      | You fall through a shaft!
  1705 | D:2      | Noticed Natasha
  1711 | D:2      | Killed Natasha
  1713 | D:2      | Found a bloodstained altar of Trog.
  1867 | D:2      | Found a sacrificial altar of Ru.
  2004 | D:2      | Noticed Natasha
  2015 | D:2      | Killed Natasha
  2015 | D:2      | Reached skill level 6 in Shields
  2553 | D:3      | Found a snail-covered altar of Cheibriados.
  2581 | D:3      | Reached XP level 7. HP: 47/55 MP: 7/7
  2597 | D:3      | Became a worshipper of Cheibriados the Contemplative
  3141 | D:4      | Reached skill level 5 in Armour
  3265 | D:4      | Reached skill level 7 in Shields
  3509 | D:4      | Found a runed door.
  3513 | D:4      | Noticed Crazy Yiuf
  3519 | D:4      | Killed Crazy Yiuf
  3519 | D:4      | Reached skill level 5 in Fighting
  3569 | D:4      | Reached * piety under Cheibriados
  3683 | D:4      | Found a blossoming altar of Fedhas.
  3944 | D:4      | Reached XP level 8. HP: 62/62 MP: 8/8
  4085 | D:5      | Entered Level 5 of the Dungeon
  4112 | D:5      | Noticed Ijyb
  4121 | D:5      | Killed Ijyb
  4122 | D:5      | Found a staircase to the Ecumenical Temple.
  4174 | D:5      | Found Zin's Purification Station.
  4176 | D:5      | Found a glowing silver altar of Zin.
  4697 | D:6      | Found a basalt altar of Yredelemnul.
  4709 | D:6      | Reached skill level 8 in Shields
  4746 | D:6      | Reached ** piety under Cheibriados
  4825 | D:6      | Noticed Grinder
  4834 | D:6      | Killed Grinder
  5010 | D:6      | Noticed unsmell's ghost (novice DsGl)
  5011 | D:6      | Noticed a water elemental
  5046 | D:6      | Killed unsmell's ghost
  5046 | D:6      | Reached skill level 5 in Axes
  5046 | D:6      | Reached skill level 9 in Shields
  5046 | D:6      | Reached XP level 9. HP: 11/71 MP: 9/9
  5339 | D:6      | Found a stormy altar of Qazlal.
  5526 | D:6      | Reached skill level 10 in Shields
  5837 | D:6      | Found a hide-covered altar of Uskayaw.
  5838 | D:6      | Found a burning altar of Makhleb.
  6392 | D:7      | Reached *** piety under Cheibriados
  6438 | D:7      | Reached skill level 1 in Invocations
  6557 | D:7      | Reached XP level 10. HP: 79/79 MP: 11/11
  7177 | D:8      | Noticed a two-headed ogre
  7178 | D:8      | Noticed a two-headed ogre
  7182 | D:8      | Killed a two-headed ogre
  7182 | D:8      | Reached skill level 5 in Invocations
  7190 | D:8      | Mangled by a two-headed ogre

Skill      XL: |  1  2  3  4  5  6  7  8  9 10 |
---------------+-------------------------------+-----
Shields        | 4 5 6 7 9 10 | 10.1
Armour         | 4 5 6 7 |  7.8
Fighting       | 4 5 6 7 8 |  8.0
Axes           | 3 5 6 7 |  7.5
Invocations    | 1 5 |  5.2
Dodging        | |  0.3

Action                   |  1- 3 |  4- 6 |  7- 9 | 10-12 || total
-------------------------+-------+-------+-------+-------++-------
Melee: War axe           |    94 |   153 |   331 |    82 ||   660
 Abil: Dig               |     1 |       |       |       ||     1
Evoke: Wand              |       |       |       |     2 ||     2
  Use: Potion            |       |       |     1 |     2 ||     3
  Eat: Bread ration      |       |     1 |       |       ||     1
       Chunk             |       |     1 |     9 |     1 ||    11
Armor: Scale mail        |    38 |    58 |    96 |    19 ||   211
Dodge: Dodged            |    23 |    61 |   104 |    31 ||   219
       Deflected         |     1 |     1 |     1 |       ||     3
Block: Shield            |    50 |    86 |   196 |    61 ||   393
